 Dungeon Crawl Stone Soup version 0.16.2-2-g470672f (webtiles) character file.

1391 monobi the Cutter (level 8, -1/68 HPs)
             Began as a Mottled Draconian Wanderer on Sept 4, 2015.
             Was a Follower of Nemelex Xobeh.
             Slain by a goliath beetle (27 damage)
             ... on level 6 of the Dungeon.
             The game lasted 00:30:47 (6715 turns).

monobi the Cutter (Mottled Draconian Wanderer)      Turns: 6715, Time: 00:30:47

Health: -1/68      AC: 12    Str: 17    XL:     8   Next: 40%
Magic:  13/13      EV: 12    Int: 13    God:    Nemelex Xobeh [*.....]
Gold:   151        SH:  0    Dex: 13    Spells: 1 memorised, 4 levels left

rFire  . . .     SeeInvis .     l - +2 dagger (protect)
rCold  . . .     Clarity  .     (armour unavailable)
rNeg   . . .     SustAb   .     (no shield)
rPois  .         Gourm    .     (helmet restricted)
rElec  .         Spirit   .     (no cloak)
rCorr  +         Warding  .     u - +0 pair of gloves
rMut   .         Stasis   .     (no boots)
MR     .....                    q - amulet of resist corrosion
Stlth  +++.......               k - +3 ring of strength
                                h - +3 ring of slaying

@: lethally poisoned (-1 -> -2), not resistant to hostile enchantments, fairly
stealthy
A: breathe sticky flames, unfitting armour, cold-blooded, AC +6
a: Breathe Sticky Flame, Renounce Religion


You were on level 6 of the Dungeon.
You worshipped Nemelex Xobeh.
Nemelex Xobeh was aware of your devotion.
You were not hungry.

You visited 1 branch of the dungeon, and saw 6 of its levels.
You also visited: Sewer.

You collected 250 gold pieces.
You spent 99 gold pieces at shops.

Inventory:

Hand weapons
 l - a +2 dagger of protection (weapon)
 s - a +1 dagger of holy wrath
 w - a +0 short sword of venom
Missiles
 b - 8 javelins of returning (quivered)
Armour
 u - a +0 pair of gloves (worn)
Jewellery
 h - a +3 ring of slaying (left hand)
 k - a +3 ring of strength (right hand)
 q - an amulet of resist corrosion (around neck)
Magical devices
 o - a wand of slowing (21)
 x - a wand of confusion (19)
Scrolls
 j - a scroll of random uselessness
 n - 4 scrolls of identify
 z - a scroll of enchant weapon
Potions
 c - a potion of curing
 d - a potion of lignification {unknown}
 i - 2 potions of heal wounds {unknown}
 m - a potion of mutation {unknown}
 p - a potion of poison {unknown}
 r - a potion of agility {unknown}
 t - 3 potions of restore abilities {unknown}
 A - a potion of invisibility {unknown}
 B - a potion of resistance {unknown}
 C - a potion of brilliance {unknown}
Books
 y - a book of Hinderance

   Spells                             Type                      Level
   a - Confusing Touch                Hexes                        2
   b - Confuse                        Hexes                        3
   c - Petrify                        Transmutation/Earth          4
   d - Metabolic Englaciation         Hexes/Ice                    5
   e - Gell's Gravitas                Hexes/Translocation          5
   f - Summon Mana Viper              Hexes/Summoning              5
Miscellaneous
 a - a phial of floods
 g - a plain deck of war {the Helm}
 v - a crystal ball of energy
 E - an ornate deck of war {the Blade}
Comestibles
 f - 6 bread rations
 D - a beef jerky


   Skills:
 - Level 5.1 Fighting
 + Level 5.7 Short Blades
   Level 0.8(1.5) Polearms
   Level 2.0(2.1) Staves
 - Level 2.0 Dodging
 + Level 5.3 Stealth
 - Level 2.3 Unarmed Combat
 + Level 1.2 Hexes
 * Level 4.3 Evocations


You had 4 spell levels left.
You knew the following spells:

 Your Spells              Type           Power        Failure   Level  Hunger
a - Confuse               Hex            #.......     65%         3    ####...


Dungeon Overview and Level Annotations

Branches:
Dungeon (6/15)
 Temple: D:4-7

Altars:
Nemelex Xobeh

Shops:
D:4 *   D:5 =

Annotations:
D:6 Eustachio


Innate Abilities, Weirdness & Mutations

You can spit globs of burning liquid.
You can ignite nearby creatures when you spit burning liquid.
Your weird mottled scales are hard (AC +6).
Your body does not fit into most forms of armour.
Your cold-blooded metabolism reacts poorly to cold.


Message History

The worker ant bites you but does no damage.
The goliath beetle barely misses you.
Eustachio casts a spell.
Eustachio blinks!
The worker ant barely misses you. The bat hits you but does no damage.
The bat misses you. The worker ant bites you. The goliath beetle bites you!
There is a stone staircase leading up here.
You hit the worker ant.
The worker ant is lightly wounded.
The bat hits you but does no damage. The bat closely misses you.
The worker ant barely misses you.
You hit the worker ant.
The worker ant is heavily wounded.
The bat misses you.
The worker ant bites you but does no damage.
You puncture the worker ant!
You kill the worker ant!
You feel sick. The bat misses you. The goliath beetle bites you!!
You die...
Your body disappears without a glow.

######
......
#.....#
.......B##
.......b@#
.........#
.........#
.....@...#
...$.....#
........#
.......##
#.....#
..###


You could see a goliath beetle, Eustachio and a bat.

Vanquished Creatures
  The ghost of monobi the Sneak, an experienced OpMo (D:5)
  Prince Ribbit (D:4)
  A black bear (D:3)
  A sky beast (D:5)
  A centaur (D:5)
  2 giant frogs (Sewer)
  A crimson imp (D:5)
  2 jellies (D:5)
  A hound (D:5)
  A giant frog skeleton (D:4)
  3 orc wizards
  4 worker ants
  A river rat (D:3)
  7 adders
  A shadow imp (D:5)
  A giant mite (D:2)
  A worm (D:3)
  9 giant geckos
  3 oozes
  9 orcs
  14 bats
  A bat zombie (D:5)
  9 giant cockroaches
  13 goblins
  13 hobgoblins
  12 kobolds
  A quokka (D:5)
  3 ball pythons
  6 giant newts
  3 jackals
  A quokka zombie (D:5)
  13 rats
140 creatures vanquished.

Notes
Turn   | Place    | Note
--------------------------------------------------------------
     0 | D:1      | monobi, the Draconian Wanderer, began the quest for the Orb.
     0 | D:1      | monobi set off with: a phial of floods, a +0 spear, a potion of curing, a +0 dagger, a bread ration
     0 | D:1      | Reached XP level 1. HP: 16/16 MP: 1/1
   332 | D:1      | Reached XP level 2. HP: 18/23 MP: 2/2
   776 | D:1      | Reached XP level 3. HP: 6/28 MP: 4/4
  2038 | D:2      | Reached XP level 4. HP: 33/36 MP: 5/5
  2360 | D:3      | Noticed a black bear
  2388 | D:3      | Killed a black bear
  2388 | D:3      | Reached skill level 1 in Short Blades
  2388 | D:3      | Reached skill level 3 in Stealth
  2388 | D:3      | Reached XP level 5. HP: 32/44 MP: 7/7
  2623 | D:3      | Found a glowing drain.
  2641 | Sewer    | Entered a sewer
  3179 | Sewer    | Reached XP level 6. HP: 49/51 MP: 8/8
  3816 | D:3      | Reached skill level 4 in Stealth
  4567 | D:4      | Your scales start taking on a weird mottled pattern.
  4567 | D:4      | Reached XP level 7. HP: 59/59 MP: 9/9
  4693 | D:4      | Found Sonn's Assorted Antiques.
  4711 | D:4      | Bought a potion of curing for 99 gold pieces
  4840 | D:4      | Found a sparkling altar of Nemelex Xobeh.
  4855 | D:4      | Became a worshipper of Nemelex Xobeh the Trickster
  5029 | D:4      | Received a gift from Nemelex Xobeh
  5296 | D:5      | Entered Level 5 of the Dungeon
  5301 | D:5      | Noticed monobi's ghost (experienced OpMo)
  5302 | D:5      | Noticed Prince Ribbit
  5616 | D:4      | Killed Prince Ribbit
  5862 | D:5      | Killed monobi's ghost
  5862 | D:5      | Reached skill level 5 in Fighting
  5862 | D:5      | Reached skill level 5 in Short Blades
  5862 | D:5      | Reached skill level 5 in Stealth
  5862 | D:5      | Reached XP level 8. HP: 54/68 MP: 12/12
  6016 | D:5      | Learned a level 3 spell: Confuse
  6345 | D:5      | Reached skill level 1 in Hexes
  6435 | D:5      | Received a gift from Nemelex Xobeh
  6487 | D:5      | Found Kuuz's Jewellery Shoppe.
  6683 | D:6      | Noticed Eustachio
  6715 | D:6      | Slain by a goliath beetle

Action                   |  1- 3 |  4- 6 |  7- 9 || total
-------------------------+-------+-------+-------++-------
Melee: Spear             |   160 |       |       ||   160
       Dagger            |    26 |   245 |   137 ||   408
 Abil: Breathe Sticky Fl |       |       |     7 ||     7
  Use: Scroll            |     3 |     3 |     8 ||    14
       Potion            |       |     1 |     3 ||     4
 Stab: Sleeping          |     3 |     1 |     4 ||     8
  Eat: Chunk             |     1 |     3 |       ||     4
       Royal jelly       |     1 |       |       ||     1
       Beef jerky        |       |     1 |       ||     1
       Bread ration      |       |     1 |     1 ||     2
       Meat ration       |       |       |     1 ||     1
